 Dungeon Crawl Stone Soup version 0.29.0-4-gdea44cf6ec (webtiles) character file.

Game seed: 17649051559483084375

45 qw the Caller (level 3, -5/29 HPs)
             Began as a Ghoul Summoner on Sept 10, 2022.
             Slain by a gnoll
             ... wielding a +0 halberd
              (8 damage)
             ... on level 2 of the Dungeon.
             The game lasted 00:00:33 (1404 turns).

qw the Caller (Ghoul Summoner)                      Turns: 1404, Time: 00:00:34

Health: -5/29      AC:  6    Str: 13    XL:     3   Next: 64%
Magic:  4/4        EV:  9    Int: 10    God:
Gold:   70         SH:  0    Dex:  9    Spells: 4/5 levels left

rFire   . . .      SeeInvis .   Y - +0 trident (freeze)
rCold   + . .      Faith    .   (no shield)
rNeg    + + +      Spirit   .   f - +0 scale mail
rPois   inf        Reflect  .   (no helmet)
rElec   .          Harm     .   (no cloak)
rCorr   .          Rampage  .   (no gloves)
Will    .....                   (no boots)
Stlth   ..........              (no amulet)
HPRegen 0.00/turn               (no ring)
MPRegen 0.09/turn               (no ring)

@: inhibited regen
A: claws 1, cold resistance 1, negative energy resistance 3, inhibited
regeneration, torment resistance 2, devour on kill
a: no special abilities


You were on level 2 of the Dungeon.
You visited 1 branch of the dungeon, and saw 2 of its levels.

You collected 70 gold pieces.


Innate Abilities, Weirdness & Mutations

You are immune to poison.
You have sharp fingernails.
Your flesh is cold resistant. (rC+)
You are immune to negative energy. (rN+++)
You do not regenerate when monsters are visible.
You are immune to unholy pain and torment.
You thrive by killing the living.


   Skills:
 - Level 2.2 Fighting
 + Level 2.0 Axes
 - Level 1.7 Dodging
 - Level 2.1 Stealth
 - Level 1.7 Spellcasting
 - Level 3.6 Summonings


You had 4 spell levels left.
You knew the following spells:

 Your Spells              Type           Power      Damage    Failure   Level
a - Summon Small Mammal   Summ           32%        N/A       36%         1

Your spell library contained the following spells:

 Spells                   Type           Power      Damage    Failure   Level
 Call Imp                 Summ           8%         N/A       50%         2
 Call Canine Familiar     Summ           8%         N/A       73%         3
 Summon Guardian Golem    Hex/Summ       4%         N/A       93%         3
 Summon Lightning Spire   Summ/Air       4%         N/A       100%        4

Inventory:

Hand Weapons
 Y - a +0 trident of freezing (weapon)
Armour
 f - a +0 scale mail (worn)
Jewellery
 g - a ring of ice
Potions
 j - a potion of attraction {unknown}

Dungeon Overview and Level Annotations

Branches:
Dungeon (2/15)

Altars:


Message History

The gnoll shouts!
A gnoll comes into view. It is wielding a +0 halberd.
1386 ||| Stepping ~*~*~tactically~*~*~ (stealth).
Found a stone staircase leading up.
A gnoll is nearby!
1396 ||| Stepping ~*~*~tactically~*~*~ (stealth).
Reach: Y) +0 trident (freeze)
Press: ? - help, Dir - move target, f - gnoll You barely miss the gnoll.
You hit the gnoll. You freeze the gnoll.
The gnoll is lightly wounded.
The gnoll hits you but does no damage.
You barely miss the gnoll.
The gnoll is lightly wounded.
The gnoll shouts!
You hear a shout! x2
The gnoll hits you with a +0 club. The gnoll barely misses you.
The gnoll hits you from afar with a +0 halberd.
You barely miss the gnoll.
The gnoll is lightly wounded.
The gnoll closely misses you.
The gnoll hits you from afar with a +0 halberd.
You hit the gnoll. You freeze the gnoll.
The gnoll is heavily wounded.
The gnoll hits you but does no damage.
The gnoll hits you from afar with a +0 halberd.
You barely miss the gnoll.
The gnoll is heavily wounded.
The gnoll hits you but does no damage.
The gnoll hits you from afar with a +0 halberd!
You puncture the gnoll! You freeze the gnoll.
You kill the gnoll!
The gnoll hits you but does no damage.
Your Fighting skill increases to level 2!
Reach: Y) +0 trident (freeze)
Press: ? - help, Dir - move target, f - gnoll You hit the gnoll.
You freeze the gnoll.
The gnoll is lightly wounded.
The gnoll hits you from afar with a +0 halberd.
The gnoll hits you from afar with a +0 halberd!
You die...

#.# #.# #.#
#.# .g #.#
#g. #.#
#..####<##
#..#.g.@.# #
#..#.###)#
#.#..g. #.#
#.#...####.##
#.#.........#
#.....#######
#..#...%...#
#..<.......#
#...#.######


You could see a gnoll.

Vanquished Creatures
  A gnoll (D:2)
  2 dart slugs
  3 endoplasms (D:1)
  3 goblins
  2 hobgoblins (D:1)
  4 jackals (D:1)
  A quokka (D:1)
  A bat (D:1)
  3 frilled lizards
  2 kobolds (D:1)
  A rat (D:1)
23 creatures vanquished.

Vanquished Creatures (collateral kills)
  2 bats (D:1)
  A giant cockroach (D:1)
  A hobgoblin (D:1)
  A frilled lizard (D:1)
  2 rats (D:1)
7 creatures vanquished.

Grand Total: 30 creatures vanquished

Notes
Turn   | Place    | Note
-------+----------+-------------------------------------------
     0 | D:1      | qw the Ghoul Summoner began the quest for the Orb.
     0 | D:1      | Reached XP level 1. HP: 14/14 MP: 2/2
     0 | D:1      | 0 ||| qw: Version: 0.1-a-116-g5d60599
     0 | D:1      | 0 ||| qw: Game counter: 7587
     0 | D:1      | 0 ||| qw: Always use a shield: true
     0 | D:1      | 0 ||| qw: God list: Okawaru
     0 | D:1      | 0 ||| qw: Allow faded altars: false
     0 | D:1      | 0 ||| qw: Do Orc after D:15 true
     0 | D:1      | 0 ||| qw: Do second Lair branch before Depths: true
     0 | D:1      | 0 ||| qw: Lair rune preference: random
     0 | D:1      | 0 ||| qw: Plans: Normal
     0 | D:1      | 0 ||| PLANNING D:1-11
    17 | D:1      | 17 ||| CASTING Summon Small Mammal
    18 | D:1      | 18 ||| CASTING Summon Small Mammal
    49 | D:1      | 49 ||| Wielding weapon +0 short sword.
    61 | D:1      | 61 ||| SWAPPING to +0 trident.
    62 | D:1      | 62 ||| DROPPING +0 short sword.
    68 | D:1      | 68 ||| CASTING Summon Small Mammal
    69 | D:1      | 69 ||| CASTING Summon Small Mammal
    81 | D:1      | 81 ||| CASTING Summon Small Mammal
    94 | D:1      | 94 ||| CASTING Summon Small Mammal
   102 | D:1      | Reached skill level 1 in Axes
   214 | D:1      | 214 ||| CASTING Summon Small Mammal
   215 | D:1      | 215 ||| CASTING Summon Small Mammal
   346 | D:1      | 346 ||| CASTING Summon Small Mammal
   347 | D:1      | 347 ||| CASTING Summon Small Mammal
   354 | D:1      | Reached XP level 2. HP: 22/22 MP: 0/3
   404 | D:1      | 404 ||| CASTING Summon Small Mammal
   405 | D:1      | 405 ||| CASTING Summon Small Mammal
   406 | D:1      | 406 ||| CASTING Summon Small Mammal
   412 | D:1      | Reached skill level 1 in Fighting
   454 | D:1      | 454 ||| CASTING Summon Small Mammal
   455 | D:1      | 455 ||| CASTING Summon Small Mammal
   456 | D:1      | 456 ||| CASTING Summon Small Mammal
   508 | D:1      | 508 ||| CASTING Summon Small Mammal
   509 | D:1      | 509 ||| CASTING Summon Small Mammal
   510 | D:1      | 510 ||| CASTING Summon Small Mammal
   517 | D:1      | 517 ||| Stepping ~*~*~tactically~*~*~ (hiding).
   520 | D:1      | 520 ||| CASTING Summon Small Mammal
   535 | D:1      | 535 ||| CASTING Summon Small Mammal
   543 | D:1      | 543 ||| CASTING Summon Small Mammal
   596 | D:1      | 596 ||| CASTING Summon Small Mammal
   598 | D:1      | 598 ||| CASTING Summon Small Mammal
   599 | D:1      | 599 ||| CASTING Summon Small Mammal
   659 | D:1      | 659 ||| Stepping ~*~*~tactically~*~*~ (stealth).
   660 | D:1      | 660 ||| CASTING Summon Small Mammal
   661 | D:1      | 661 ||| CASTING Summon Small Mammal
   662 | D:1      | 662 ||| CASTING Summon Small Mammal
   671 | D:1      | 671 ||| CASTING Summon Small Mammal
   681 | D:1      | 681 ||| CASTING Summon Small Mammal
   683 | D:1      | Reached XP level 3. HP: 28/28 MP: 0/4
   827 | D:1      | 827 ||| CASTING Summon Small Mammal
   828 | D:1      | 828 ||| CASTING Summon Small Mammal
   829 | D:1      | 829 ||| CASTING Summon Small Mammal
   830 | D:1      | 830 ||| CASTING Summon Small Mammal
  1067 | D:1      | 1067 ||| CASTING Summon Small Mammal
  1068 | D:1      | 1068 ||| CASTING Summon Small Mammal
  1069 | D:1      | 1069 ||| CASTING Summon Small Mammal
  1070 | D:1      | 1070 ||| CASTING Summon Small Mammal
  1113 | D:1      | 1113 ||| CASTING Summon Small Mammal
  1114 | D:1      | 1114 ||| CASTING Summon Small Mammal
  1115 | D:1      | 1115 ||| CASTING Summon Small Mammal
  1116 | D:1      | 1116 ||| CASTING Summon Small Mammal
  1123 | D:1      | 1123 ||| CASTING Summon Small Mammal
  1182 | D:1      | 1182 ||| CASTING Summon Small Mammal
  1183 | D:1      | 1183 ||| CASTING Summon Small Mammal
  1184 | D:1      | 1184 ||| CASTING Summon Small Mammal
  1185 | D:1      | 1185 ||| CASTING Summon Small Mammal
  1244 | D:1      | 1244 ||| CASTING Summon Small Mammal
  1245 | D:1      | 1245 ||| CASTING Summon Small Mammal
  1246 | D:1      | 1246 ||| CASTING Summon Small Mammal
  1247 | D:1      | 1247 ||| CASTING Summon Small Mammal
  1254 | D:1      | 1254 ||| CASTING Summon Small Mammal
  1348 | D:1      | 1348 ||| UPGRADING to +0 scale mail.
  1358 | D:1      | 1358 ||| DROPPING +0 robe.
  1359 | D:1      | 1359 ||| DROPPING +1 ring mail of poison resistance.
  1360 | D:1      | 1360 ||| READING scroll labelled UTEPOO WUAMYO.
  1361 | D:1      | 1361 ||| READING scroll labelled ECUENENORU.
  1362 | D:1      | 1362 ||| READING scroll labelled BIGALO VUYG.
  1366 | D:1      | 1366 ||| READING scroll labelled NUL BIGILUUMM.
  1367 | D:1      | 1367 ||| READING scroll labelled MONLOUDW KUUN.
  1368 | D:1      | 1368 ||| DROPPING potion of magic.
  1386 | D:2      | 1386 ||| Stepping ~*~*~tactically~*~*~ (stealth).
  1396 | D:2      | 1396 ||| Stepping ~*~*~tactically~*~*~ (stealth).
  1402 | D:2      | HP: 4/29 [gnoll/+0 halberd (10)]
  1404 | D:2      | Slain by a gnoll

Levels and vault maps discovered:
D:1:      dpeg_arrival_simpleton_b, layout_basic, serial_glass, glass_columns_a,
          glass_columns_a
D:2:      kennysheep_big_flooded_room, layout_basic,
          chequers_ecumenical_altar_island, uniq_jessica, uniq_sigmund,
          uniq_crazy_yiuf_cottage

Skill      XL: |  1  2  3 |
---------------+----------+-----
Axes           | 1 2 |  2.0
Fighting       | 1 2 |  2.2
Dodging        | |  1.7
Stealth        | |  2.1
Spellcasting   | |  1.7
Summonings     | |  3.6

Action                   || total
-------------------------++-------
Melee: Trident           ||    77
       Unarmed           ||     3
 Cast: Summon Small Mamm ||    50
  Use: Scroll            ||     5
 Stab: Distracted        ||     1
Armor: Robe              ||    13
       Scale mail        ||     5
Dodge: Dodged            ||    46

Table legend:
 A = Non-vault XP
 B = Vault XP
 C = Vault XP percentage of total XP
 D = Non-vault monster count
 E = Vault monster count
 F = Vault count percentage of total count
                 A         B        C        D         E       F
            +---------+---------+-------+---------+---------+-------
      Total |      65 |       0 |   0.0 |      30 |       0 |   0.0
            +---------+---------+-------+---------+---------+-------
        D:1 |      44 |       0 |   0.0 |      26 |       0 |   0.0
        D:2 |      21 |       0 |   0.0 |       4 |       0 |   0.0
            +---------+---------+-------+---------+---------+-------
